 Dungeon Crawl Stone Soup version 0.28.0-45-g0d030f2227 (webtiles) character file.

Game seed: 5591010348806052672

13422 safid the Severer (level 12, -2/113 HPs)
             Began as a Hill Orc Fighter on Apr 8, 2022.
             Was a Priest of Beogh.
             Slain by an orc knight
             ... wielding a +0 great sword
              (10 damage)
             ... on level 11 of the Dungeon.
             The game lasted 00:24:20 (16716 turns).

safid the Severer (Hill Orc Fighter)               Turns: 16716, Time: 00:24:21

Health: -2/113     AC: 14    Str: 24    XL:     12   Next: 5%
Magic:  14/14      EV: 10    Int:  8    God:    Beogh [***...]
Gold:   535        SH:  9    Dex: 10    Spells: 11/11 levels left

rFire   . . .      SeeInvis .   a - +0 war axe
rCold   + . .      Faith    .   c - +0 buckler
rNeg    . . .      Spirit   .   b - +0 scale mail
rPois   .          Reflect  +   (no helmet)
rElec   .          Harm     .   (no cloak)
rCorr   .          Rampage  .   (no gloves)
Will    .....                   g - +0 pair of boots
Stlth   ..........              h - amulet of reflection
HPRegen 0.28/turn               L - +4 ring of protection
MPRegen 0.14/turn               s - ring of protection from cold

@: no status effects
A: no striking features
a: Renounce Religion, Smiting


You were on level 11 of the Dungeon.
You worshipped Beogh.
Beogh was most pleased with you.
You visited 3 branches of the dungeon, and saw 14 of its levels.

You collected 631 gold pieces.
You spent 96 gold pieces at shops.

Inventory:

Hand Weapons
 a - a +0 war axe (weapon)
 x - the +10 quarterstaff of Revolt {speed, rElec rN+ Str+3 Int+2}
   (You took it off an orc on level 6 of the Dungeon)

   Attacks with this weapon are significantly faster.
   Str:       It affects your strength (+3).
   Int:       It affects your intelligence (+2).
   rElec:     It insulates you from electricity.
   rN:        It protects you from negative energy.
 N - the +6 dagger "Botofuf" {vorpal, *Slow rN+ Str+2 SInv}
   (You found it on level 11 of the Dungeon)

   It inflicts extra damage upon your enemies.
   Str:       It affects your strength (+2).
   rN:        It protects you from negative energy.
   SInv:      It lets you see invisible.
   *Slow:     It may slow you when you take damage.
Missiles
 l - 4 javelins
 t - 30 poisoned darts (quivered)
 C - 4 curare-tipped darts
 G - a throwing net
 H - 4 silver javelins
Armour
 b - a +0 scale mail (worn)
 c - a +0 buckler (worn)
 g - a +0 pair of boots (worn)
Jewellery
 h - an amulet of reflection (around neck)
 r - an amulet of regeneration
 s - a ring of protection from cold (right hand)
 D - a +6 ring of strength
 L - a +4 ring of protection (left hand)
Wands
 u - a wand of iceblast (21)
 B - a wand of charming (12)
 F - a wand of polymorph (13)
 M - a wand of flame (7)
Scrolls
 d - a scroll of blinking {unknown}
 e - 4 scrolls of magic mapping
 f - 2 scrolls of teleportation
 i - a scroll of vulnerability
 k - 3 scrolls of fog
 m - a scroll of acquirement {unknown}
 o - 2 scrolls of enchant weapon
 w - 3 scrolls of amnesia
 y - 2 scrolls of noise {unknown}
 J - a scroll of holy word {unknown}
 O - a scroll of silence {unknown}
Potions
 j - 2 potions of attraction {unknown}
 n - 4 potions of curing
 p - a potion of resistance {unknown}
 q - 3 potions of berserk rage
 v - a potion of cancellation {unknown}
 z - a potion of ambrosia {unknown}
 A - a potion of brilliance {unknown}
 E - 3 potions of heal wounds
 I - 2 potions of lignification {unknown}
 K - 2 potions of flight {unknown}


   Skills:
 + Level 12.5 Fighting
 - Level 16.0 Axes
 + Level 10.5 Armour
 - Level 2.0 Dodging
 - Level 4.0 Shields
 + Level 3.7 Invocations
 + Level 2.7 Evocations


You had 11 spell levels left.
You didn't know any spells.
Your spell library contained the following spells:

 Spells                   Type           Power      Damage    Failure   Level
 Shock                    Conj/Air       0%         1d3       75%         1
 Blink                    Tloc           0%         N/A       87%         2
 Corpse Rot               Necr/Air       0%         N/A       87%         2
 Poisonous Vapours        Pois/Air       0%         N/A       87%         2
 Sublimation of Blood     Necr           0%         N/A       87%         2
 Wereblood                Tmut           0%         N/A       87%         2
 Gell's Gravitas          Tloc           0%         N/A       98%         3
 Ignite Poison            Fire/Tmut/Pois 0%         N/A       98%         3
 Lesser Beckoning         Tloc           0%         N/A       98%         3
 Portal Projectile        Hex/Tloc       0%         N/A       98%         3
 Swiftness                Air            0%         N/A       98%         3
 Teleport Other           Tloc           0%         N/A       98%         3
 Airstrike                Air            0%         N/A       100%        4
 Dispel Undead            Necr           0%         3d6       100%        4
 Blade Hands              Tmut           0%         N/A       100%        5
 Excruciating Wounds      Necr           0%         N/A       100%        5
 Manifold Assault         Tloc           0%         N/A       100%        5
 Death Channel            Necr           0%         N/A       100%        6
 Malign Gateway           Summ/Tloc      0%         N/A       100%        7
 Summon Hydra             Summ           0%         N/A       100%        7


Dungeon Overview and Level Annotations

Branches:
Dungeon (11/15)            Temple (0/1) D:7            Lair (2/6) D:8
    Orc (1/2) D:11
  Swamp: Lair:2-4    Shoals: Lair:2-4     Snake: Lair:2-4    Spider: Lair:2-4

Altars:
Ashenzari
Cheibriados
Makhleb
Qazlal
Wu Jian
The Shining One

Shops:
D:3 !

Portals:
Trove: D:10 (give 2 scrolls of acquirement)


Message History

The warg barely misses you.
Unknown command.
You slash the warg!
You kill the warg!
Beogh accepts your kill.
You hit the orc knight. The orc knight completely misses you.
Unknown command.
You slash the orc knight!
The orc knight is moderately wounded.
You block the orc knight's attack.
Unknown command.
You closely miss the orc knight.
The orc knight is moderately wounded.
Unknown command.
You closely miss the orc knight.
The orc knight is moderately wounded.
The orc knight hits you with a +0 great sword!
Unknown command.
You slash the orc knight!
The orc knight is heavily wounded.
You block the orc knight's attack.
Unknown command.
You completely miss the orc knight.
The orc knight is heavily wounded.
Unknown command.
You barely miss the orc knight.
The orc knight is heavily wounded.
The orc knight hits you with a +0 great sword!!
* * * LOW HITPOINT WARNING * * *
Unknown command.
You hit the orc knight but do no damage.
The orc knight is heavily wounded.
The orc knight hits you with a +0 great sword!!
* * * LOW HITPOINT WARNING * * *
Unknown command.
You hit the orc knight.
The orc knight is severely wounded.
The orc knight hits you with a +0 great sword!
You die...
Beogh appreciates the orc knight's killing of a heretic priest.

#.# #........####.......#
###### #........# #.......#
##...## #........# #.....<.#
......# #####'#### #.......#
.^....# ##.# ######'##
..###.# #..# ##.# ### #.###
#.## #..# # #.'.####.#####
#####'#### #.#.##.....o@#
#........#
#)#.##.....[#####........####
#.#.##.........##........##..
#.#.........##..'........#..#
#.####......#####...>....#.##
#.# #......# #........#.#
#####.# ##.##### #........#.#
......# #...# #........'.#
......# ###)#### #........###


You could see an orc knight.

Vanquished Creatures
  A centaur warrior (D:10)
  2 two-headed ogres
  A cyclops (D:7)
  An ugly thing (D:11)
  4 cane toads (Lair:1)
  A komodo dragon (D:7)
  A troll (Orc:1)
  2 shadows
  A wraith (D:11)
  11 yaks
  A basilisk (Lair:1)
  A steam dragon (D:10)
  3 wargs
  6 water moccasins
  An ice beast (D:4)
  4 orc warriors
  3 necrophages
  4 black bears (D:8)
  A sky beast (D:5)
  4 ogres
  A centaur (D:5)
  3 kobold brigands
  A phantom (D:4)
  6 bullfrogs
  A wyvern zombie (D:3)
  A wyvern skeleton (D:7)
  4 scorpions
  2 water moccasin skeletons (D:6)
  18 wights
  2 howler monkeys
  3 electric eels (D:9)
  2 bullfrog zombies
  5 centaur zombies
  2 hounds (D:6)
  2 orc priests
  A bullfrog skeleton (D:6)
  2 gnoll shamans
  3 iguanas (D:7)
  Ijyb (D:4)
  4 orc wizards
  A howler monkey zombie (D:5)
  Robin (D:3)
  3 adders
  14 gnolls
  3 white imps
  3 ufetubi
  A worm (D:5)
  A dart slug (D:4)
  28 orcs
  5 ball pythons
  6 endoplasms
  2 giant cockroaches (D:2)
  16 hobgoblins
  9 jackals
  17 kobolds
  3 quokkas
  4 bats
  A frilled lizard (D:3)
  13 goblins
  3 rats
251 creatures vanquished.

Vanquished Creatures (collateral kills)
  Gastronok (D:11)
  2 orc warriors (Orc:1)
  2 orcs (Orc:1)
5 creatures vanquished.

Vanquished Creatures (others)
  An orc warlord (Orc:1)
  An orc knight (Orc:1)
  An orc warrior (Orc:1)
  An orc wizard (D:11)
  3 orcs
  29 fungi
  46 plants
82 creatures vanquished.

Grand Total: 338 creatures vanquished

Notes
Turn   | Place    | Note
-------+----------+-------------------------------------------
     0 | D:1      | safid the Hill Orc Fighter began the quest for the Orb.
     0 | D:1      | Reached XP level 1. HP: 19/19 MP: 1/1
   217 | D:1      | Reached XP level 2. HP: 24/27 MP: 2/2
   244 | D:1      | Reached skill level 3 in Axes
  1300 | D:2      | Found a faded altar of an unknown god.
  1305 | D:2      | Reached XP level 3. HP: 33/33 MP: 3/3
  1685 | D:2      | Reached XP level 4. HP: 38/40 MP: 4/4
  1693 | D:2      | Reached skill level 4 in Axes
  2282 | D:3      | Reached skill level 5 in Axes
  2282 | D:3      | Reached XP level 5. HP: 46/46 MP: 5/5
  2432 | D:3      | Reached skill level 6 in Axes
  2847 | D:3      | Found Orchemumm's Distillery.
  2855 | D:3      | Bought a potion of heal wounds for 60 gold pieces
  2855 | D:3      | Bought a potion of curing for 36 gold pieces
  3009 | D:3      | Noticed Robin
  3037 | D:3      | Killed Robin
  3038 | D:3      | Reached XP level 6. HP: 30/52 MP: 6/6
  3281 | D:3      | Identified the +0 leather armour of Levity {-Tele Harm
                  | Int+5 Stlth+}
  3443 | D:4      | Noticed an ice beast
  3455 | D:4      | Reached skill level 7 in Axes
  3487 | D:4      | Killed an ice beast
  3488 | D:4      | Reached skill level 8 in Axes
  3715 | D:4      | Reached XP level 7. HP: 52/59 MP: 7/7
  3725 | D:4      | Reached skill level 9 in Axes
  4819 | D:4      | Noticed Ijyb
  4829 | D:4      | Killed Ijyb
  4865 | D:5      | Entered Level 5 of the Dungeon
  4947 | D:5      | Reached skill level 10 in Axes
  5184 | D:5      | Found a stormy altar of Qazlal.
  5257 | D:5      | Found a broken altar of Ashenzari.
  5262 | D:5      | Saw a vision of the Swamp and the Spider Nest.
  5262 | D:5      | Noticed a vampire mosquito
  5262 | D:5      | Noticed a vampire mosquito
  5262 | D:5      | Noticed a vampire mosquito
  5262 | D:5      | Noticed a vampire mosquito
  5262 | D:5      | Noticed a vampire mosquito
  5262 | D:5      | Noticed a vampire mosquito
  5262 | D:5      | Noticed a wolf spider
  5262 | D:5      | Noticed a hornet
  5262 | D:5      | Noticed a redback
  5262 | D:5      | Noticed a wolf spider
  5262 | D:5      | Noticed a hornet
  5262 | D:5      | Noticed a redback
  5262 | D:5      | Noticed a redback
  5262 | D:5      | Noticed a wolf spider
  5295 | D:5      | Became a worshipper of Beogh the Brigand
  5342 | D:5      | Reached skill level 11 in Axes
  5342 | D:5      | Reached XP level 8. HP: 37/66 MP: 8/8
  6061 | D:6      | Reached skill level 12 in Axes
  6078 | D:6      | Found a glowing golden altar of the Shining One.
  6136 | D:6      | Identified the +10 quarterstaff of Revolt {speed, rElec rN+
                  | Str+3 Int+2}
  6389 | D:6      | You fall into a shaft and drop 1 floor!
  6437 | D:7      | Noticed a cyclops
  6449 | D:7      | Killed a cyclops
  6450 | D:7      | Reached skill level 14 in Axes
  6450 | D:7      | Reached XP level 9. HP: 20/71 MP: 9/9
  6789 | D:6      | Found a large runed translucent door.
  6789 | D:6      | Found a large runed translucent door.
  6934 | D:6      | Found a snail-covered altar of Cheibriados.
  7091 | D:6      | Found a burning altar of Makhleb.
  7125 | D:7      | Reached * piety under Beogh
  7558 | D:7      | Found a staircase to the Ecumenical Temple.
  7791 | D:7      | Reached skill level 15 in Axes
  7968 | D:8      | Noticed a komodo dragon
  8182 | D:7      | Killed a komodo dragon
  8183 | D:7      | Reached skill level 16 in Axes
  8586 | D:8      | Reached skill level 5 in Fighting
  8586 | D:8      | Reached skill level 5 in Armour
  8660 | D:8      | Found a staircase to the Lair.
  8683 | D:8      | Reached XP level 10. HP: 57/83 MP: 10/10
  8903 | D:8      | Reached ** piety under Beogh
  9760 | D:9      | Noticed a two-headed ogre
  9778 | D:9      | HP: 1/80 [two-headed ogre/+0 giant club (13)]
  9780 | D:9      | Killed a two-headed ogre
 10475 | D:9      | Found an ornate altar of the Wu Jian Council.
 11060 | D:10     | Entered Level 10 of the Dungeon
 11394 | D:10     | Noticed a centaur warrior
 11422 | D:10     | Killed a centaur warrior
 11998 | D:10     | Found a portal to a secret trove of treasure.
 12270 | D:10     | Reached XP level 11. HP: 65/97 MP: 11/11
 12657 | D:10     | Noticed a two-headed ogre
 12790 | Lair:1   | Entered Level 1 of the Lair of Beasts
 12819 | Lair:1   | Reached skill level 10 in Fighting
 12932 | Lair:1   | Reached *** piety under Beogh
 13519 | Lair:1   | Reached skill level 10 in Armour
 14033 | Lair:1   | Got the Disquisition on Ignition and Orientation
 14323 | Lair:2   | Noticed a six-headed hydra
 14388 | D:10     | Killed a two-headed ogre
 14847 | D:11     | Found a staircase to the Orcish Mines.
 14920 | D:11     | Noticed a green ugly thing
 14928 | D:11     | Killed a green ugly thing
 15128 | D:11     | Identified the +6 dagger "Botofuf" {vorpal, *Slow rN+ Str+2
                  | SInv}
 15208 | D:11     | Noticed Gastronok
 15216 | D:11     | Reached skill level 1 in Dodging
 15216 | D:11     | Reached skill level 1 in Invocations
 15226 | D:11     | Killed Gastronok
 15227 | D:11     | Reached skill level 1 in Evocations
 15536 | D:11     | Identified the +6 ring mail "Lule" {-Cast rF++ rC- Dex+2}
 15784 | Orc:1    | Entered Level 1 of the Orcish Mines
 15796 | Orc:1    | Noticed an orc warlord
 15836 | D:11     | Reached XP level 12. HP: 44/113 MP: 4/14
 16716 | D:11     | Slain by an orc knight

Illustrated notes

Levels and vault maps discovered:
D:1:      minmay_arrival_open_corners, layout_basic,
          minmay_misc_feat_secret_circle, minivault_5, minmay_distorted
D:2:      layout_loops_ring, dreamdust_ecumenical_altar_hidden_monk_grotto,
          hangedman_abyss_or_decor_stabs
D:3:      layout_basic, serial_shops, shop, uniq_robin
D:4:      layout_loops_ring, minmay_starry_boxes, uniq_ijyb
D:5:      layout_loops_corners, grunt_ashenzari_visionary
          [grunt_ashenzari_visionary_swamp, grunt_ashenzari_visionary_spider],
          mainiacjoe_overflow_small_starburst
D:6:      layout_rooms, mainiacjoe_overflow_brackets, jmf_multi_god_temple2
D:7:      hellmonk_crumbling_castle, layout_gridville,
          minmay_temple_entry_trees, minivault_27, grunt_ministairs_14
D:8:      layout_basic, due_lair_maze_entry_diamond
D:9:      layout_irregular_city, lemuel_tele_altar, serial_bayou_lagoon_b
D:10:     layout_stronghold, enter_trove_2,
          hangedman_abyss_or_decor_jellyfish_corner
D:11:     layout_roguey, orc_0_dummy, eino_curves_01, minmay_fountain_box,
          uniq_gastronok
Lair:1:   layout_loops_ring
Lair:2:   layout_regular_city, swamp_mist_pool, spider_nest_entry_webs,
          minivault_24
Orc:1:    layout_caves, serial_shops, nicolae_shop_bloodbath_and_beyond,
          uniq_fannar

Skill      XL: |  1  2  3  4  5  6  7  8  9 10 11 |
---------------+----------------------------------+-----
Axes           | 3 5 6 8 11 14 16 | 16.0
Fighting       | 4 5 9 12 | 12.5
Armour         | 4 5 8 10 | 10.5
Shields        | 4 |  4.0
Dodging        | 2 |  2.0
Invocations    | 3 |  3.7
Evocations     | 2 |  2.7

Action                   |  1- 3 |  4- 6 |  7- 9 | 10-12 || total
-------------------------+-------+-------+-------+-------++-------
Melee: War axe           |    87 |   136 |   387 |   445 ||  1055
Throw: Javelin           |       |     7 |     4 |     3 ||    14
       Dart              |       |       |       |    11 ||    11
Invok: Convert to Beogh  |       |       |     1 |       ||     1
       Smiting           |       |       |       |     4 ||     4
  Use: Potion            |       |     1 |     2 |       ||     3
       Scroll            |       |       |     5 |     2 ||     7
Armor: Scale mail        |    34 |    61 |   100 |    95 ||   290
Dodge: Dodged            |    30 |    45 |   100 |   113 ||   288
Block: Buckler           |    41 |    71 |   140 |   160 ||   412
       Reflection        |       |     1 |     8 |     3 ||    12
